 Dungeon Crawl Stone Soup version 0.32-a0-450-g080537f31e (webtiles) character file.

Game seed: 122188048304040962

245 Dittersdorf the Trooper (level 6, -7/39 HPs)
             Began as a Gargoyle Fighter on Feb 23, 2024.
             Killed from afar by an oklob sapling (21 damage)
             ... with a splash of acid
             ... on level 4 of the Dungeon.
             The game lasted 00:02:12 (2451 turns).

Dittersdorf the Trooper (Gargoyle Fighter)          Turns: 2451, Time: 00:02:12

Health: -7/39      AC: 10    Str: 21    XL:     6   Next: 10%
Magic:  6/6        EV:  9    Int:  9    God:
Gold:   157        SH:  4    Dex:  9    Spells: 5/5 levels left

rFire   . . .        t - +3 flail
rCold   . . .        c - +0 buckler
rNeg    + . .        b - +0 scale mail
rPois   ∞            g - +2 helmet
rElec   +            (no cloak)
rCorr   .            (no gloves)
SInv    .            (no boots)
Will    .....        (no amulet) Stlth
                     (no ring)
HPRegen 0.26/turn    (no ring)
MPRegen 0.10/turn

%: no passive effects
@: corroded
A: sickness immunity, AC +4, negative energy resistance 1, electricity
resistance, torment resistance 1, petrification resistance
a: no special abilities


You were on level 4 of the Dungeon.
You visited 1 branch of the dungeon, and saw 4 of its levels.

You collected 157 gold pieces.

Inventory:

Hand Weapons
 t - a +3 flail (weapon)
Armour
 b - a +0 scale mail (worn)
 c - a +0 buckler (worn)
 g - a +2 helmet (worn)
Jewellery
 i - an amulet of regeneration
Scrolls
 h - 5 scrolls of identify {unknown}
 k - a scroll of fear {unknown}
 l - 2 scrolls of blinking {unknown}
 m - a scroll of teleportation {unknown}
 p - a scroll of vulnerability {unknown}
 s - a scroll of noise {unknown}
Potions
 a - a potion of cancellation {unknown}
 d - a potion of might
 e - 6 potions of curing {unknown}
 f - 3 potions of haste {unknown}
 j - a potion of lignification {unknown}
 n - a potion of degeneration {unknown}
 o - a potion of heal wounds {unknown}
 q - a potion of mutation {unknown}
 r - a potion of enlightenment {unknown}


   Skills:
 + Level 4.6 Fighting
 + Level 3.5 Maces & Flails
 + Level 4.5 Armour
 + Level 4.6 Shields


You had 5 spell levels left.
You didn't know any spells.
Your spell library contained the following spells:

 Spells                   Type           Power      Damage    Failure   Level
 Freeze                   Ice            0%         1d3       78%         1
 Frozen Ramparts          Ice            0%         1d1       98%         3
 Hailstorm                Conj/Ice       0%         3d5       98%         3


Dungeon Overview and Level Annotations

Branches:
Dungeon (4/15)             Temple (0/1) D:4

Altars:
Trog

Annotations:
D:4 exclusion: oklob sapling


Innate Abilities, Weirdness & Mutations

You are immune to sickness and miasma.
Your stone body is resilient. (AC +4)
You are immune to poison.
You resist negative energy. (rN+)
You are resistant to electric shocks. (rElec)
You are resistant to unholy torment.
You are immune to petrification.


Message History

You barely miss the ogre.
The ogre is severely wounded.
You hit the ogre.
The ogre is severely wounded.
You block the ogre's attack.
You sock the ogre!
You kill the ogre!
You have reached level 6!
You start resting.
HP restored.
There is a stone staircase leading down here.
This staircase leads to a travel-excluded area!
You climb downwards.
Level annotation: exclusion: oklob sapling
There is a stone staircase leading up here.
An adder comes into view.
The adder moves out of view.
The adder hisses angrily.
The adder bites the plant.
The plant begins to die.
A nearby plant withers and dies.
The adder attacks as it pursues you! The adder bites you but does no damage.
You sock the oklob sapling!
The oklob sapling is heavily damaged.
The adder bites you but does no damage.
You sock the oklob sapling!
The oklob sapling is almost destroyed.
You block the adder's attack. The adder bites you.
The oklob sapling spits acid at you. The splash of acid hits you!!
Ouch! That really hurt!
The acid corrodes you!
You hit the oklob sapling but do no damage.
The oklob sapling is almost destroyed.
The adder closely misses you. The adder barely misses you.
You hit the oklob sapling but do no damage.
The oklob sapling is almost destroyed.
The oklob sapling spits acid at you. The splash of acid hits you!!
Ouch! That really hurt!
You die...

##### .. ...###.
...... ..
#....####..
##..P.......
##.P..PP.P...
#.......P....
###..P@P>.P....
###...#SPPP.PP...
........P.P.P....
#####..?.PP..P...
###...........##
#...#.##........
####.##..###.......
#.....<.## .....##
#.###.### ##.###


You could see an oklob sapling and an adder.

Vanquished Creatures
  An ogre (D:3)
  A howler monkey (D:3)
  6 adders
  2 dart slugs (D:1)
  4 ribbon worms
  5 orcs (D:3)
  5 bats
  5 endoplasms
  2 giant cockroaches (D:2)
  2 hobgoblins
  4 quokkas
  A ball python (D:4)
  5 frilled lizards
  3 goblins
  2 kobolds
  6 rats
54 creatures vanquished.

Notes
Turn   | Place    | Note
-------+----------+-------------------------------------------
     0 | D:1      | Dittersdorf the Gargoyle Fighter began the quest for the
                  | Orb.
     0 | D:1      | Reached XP level 1. HP: 14/14 MP: 1/1
   182 | D:1      | Reached XP level 2. HP: 14/19 MP: 2/2
   271 | D:1      | Found a faded altar of an unknown god.
   764 | D:2      | Reached XP level 3. HP: 24/24 MP: 3/3
  1298 | D:2      | Reached XP level 4. HP: 29/29 MP: 4/4
  1503 | D:3      | Reached XP level 5. HP: 33/33 MP: 5/5
  1916 | D:3      | Noticed a moth of wrath
  2089 | D:3      | Found a bloodstained altar of Trog.
  2120 | D:3      | Identified the +8 short sword of Ahuux {venom, *Rage rPois
                  | rN++ Will-}
  2333 | D:4      | Noticed an ogre
  2333 | D:4      | Found a staircase to the Ecumenical Temple.
  2349 | D:3      | Killed an ogre
  2350 | D:3      | Reached XP level 6. HP: 17/39 MP: 6/6
  2451 | D:4      | Killed from afar by an oklob sapling

Illustrated notes

Levels and vault maps discovered:
D:1:      giann_wishing_wells, layout_loops_ring,
          chequers_ecumenical_altar_island
D:2:      layout_basic
D:3:      layout_basic, tgw_trog, serial_glass, glass_columns_b, glass_columns_b
D:4:      layout_rooms, minmay_temple_entry_oklob

Skill      XL: |  1  2  3  4 |
---------------+-------------+-----
Shields        | 4 |  4.6
Fighting       | 4 |  4.6
Maces & Flails | 3 |  3.5
Armour         | 4 |  4.5

Action                     |  1- 3 |  4- 6 || total
---------------------------+-------+-------++-------
  Melee: Flail             |   109 |    70 ||   179
 Armour: Scale mail        |   103 |    43 ||   146
  Dodge: Dodged            |    63 |    36 ||    99
  Block: Buckler           |    32 |    25 ||    57

Table legend: (Time is in decaauts)
 A = Elapsed time spent in this place.
 B = Non-inter-level travel time spent in this place.
 C = Inter-level travel time spent in this place.
 D = Time resting spent in this place.
 E = Time spent auto-exploring this place.
 F = Levels seen in this place.
 G = Mean time per level.
                   A        B        C        D        E       F      G
               +--------+--------+--------+--------+--------+-----+--------+
         Total |   2506 |   2338 |    168 |    113 |   1724 |   4 |  626.5 |
       Dungeon |   2506 |   2338 |    168 |    113 |   1724 |   4 |  626.5 |
               +--------+--------+--------+--------+--------+-----+--------+

Top non-repeatable levels by time:
     D:3: 983 daAuts
     D:1: 731 daAuts
     D:2: 705 daAuts
     D:4: 86 daAuts
